Map: Frozen Temple

Players

Gulasch - Winner!

  • Race: Zerg Zerg
  • League: Bronze

Gracz

  • Race: Zerg Zerg
  • League: Bronze

VOD

Have the link to the VOD?

Description

Time

  • Played on: Sept. 3, 2016, 8:55 a.m.
  • Length: 6:58
Show
View Real Time Build Order
Export as new Build Order

Gulasch Zerg - Winner!

Build Orders: Pool First, Zergling Baneling 

Get SALT Encoding   

  12  0:02  Drone  
  13  0:12  Overlord  
  13  0:18  Drone  
  14  0:28  Extractor  
  14  0:29  Drone  
  14  0:40  Drone x2  
  16  0:47  Drone  
  17  0:57  Spawning Pool, Drone  
  17  1:07  Drone  
  18  1:18  Drone  
  19  1:29  Drone  
  20  1:41  Drone  
  21  1:48  Queen  
  21  1:49  Extractor  
  21  1:51  Overlord  
  21  1:53  Metabolic Boost  
  22  2:03  Overlord  
  22  2:13  Baneling Nest  
  21  2:16  Drone  
  22  2:31  Drone  
  23  2:38  Drone  
  24  2:52  Zergling x2  
  25  3:01  Zergling x2  
  25  3:02  Zergling x4  
  25  3:03  Drone  
  29  3:13  Hatchery  
  29  3:14  Zergling x2  
  29  3:21  Evolution Chamber  
  29  3:23  Drone  
  29  3:31  Zergling x6  
  29  3:33  Baneling  
  29  3:34  Baneling x7  
  32  3:35  Baneling x2  
  32  3:38  Lair  
  32  3:49  Zergling x4  
  32  3:55  Zerg Melee Weapons Level 1  
  34  4:02  Zergling x6  
  37  4:03  Zergling x2  
  38  4:15  Overlord  
  38  4:28  Queen  
  38  4:29  Drone  
  41  4:38  Centrifical Hooks  
  41  4:41  Zergling x6  
  41  4:45  Zergling x2  
  45  4:56  Zergling x4  
  47  5:11  Zergling x4  
  47  5:12  Drone  
  47  5:14  Zergling x4  
  52  5:15  Overlord  
  52  5:53  Zergling x2  
  52  5:54  Zergling x10  
  52  5:56  Zergling x6  
  51  6:42  Hydralisk Den  
Show
View Real Time Build Order
Export as new Build Order

Gracz Zerg 

Build Orders: Pool First 

Get SALT Encoding   

  12  0:15  Drone  
  12  0:16  Drone  
  14  0:32  Overlord x2  
  14  0:59  Spawning Pool, Drone x2  
  14  1:00  Drone  
  14  1:01  Extractor  
  15  1:54  Roach Warren  
  15  1:55  Drone x3  
  17  2:19  Queen  
  17  2:20  Drone x2  
  21  2:31  Evolution Chamber  
  21  2:32  Drone  
  21  2:45  Hatchery  
  21  2:47  Drone  
  21  2:48  Extractor  
  20  2:54  Queen  
  22  3:19  Zerg Ground Armor Level 1  
  22  3:22  Drone x3  
  25  3:30  Queen  
  27  3:46  Drone x2  
  29  4:02  Drone  
  30  4:23  Extractor, Drone x2  
  31  4:36  Lair  
  31  4:48  Drone  
  31  4:49  Drone x3  
  31  4:52  Extractor  
  34  5:06  Roach  
  36  5:08  Overlord x3  
  36  5:34  Roach  
  36  5:35  Roach x5  
  33  6:13  Roach  
  33  6:14  Roach x5  
Tags
 
Add a new tag
Caveats
  • Supply blocks, unpowered buildings, or Contaminate may cause inaccurate times.
  • Supply counts are checked every 10 seconds.